 Dungeon Crawl Stone Soup version 0.23-a0-389-g4a5eb33 (webtiles) character file.

177654 Garbasso the Black Belt (level 17, -9/192 HPs)
             Began as a Troll Monk on Oct 28, 2018.
             Was the Champion of Jiyva.
             Mangled by a ghost moth (14 damage)
             ... on level 4 of the Spider Nest on Oct 29, 2018.
             The game lasted 02:11:56 (30863 turns).

Garbasso the Black Belt (Troll Monk)               Turns: 30863, Time: 02:11:57

Health: -9/192     AC: 14    Str:  9 (17) XL:     17   Next: 55%
Magic:  0/29       EV: 14    Int:  7 (9)  God:    Jiyva [******]
Gold:   2394       SH:  0    Dex: 20 (25) Spells: 16/16 levels left

rFire    . . .     SeeInvis .     - Unarmed
rCold    . . .     Gourm    +   R - +1 large shield {AC+3}
rNeg     . . .     Faith    .   C - +0 troll leather armour
rPois    +         Spirit   +   (helmet restricted)
rElec    +         Reflect  .   A - +1 cloak of Recklessness {Str+2}
rCorr    +         Harm     .   (gloves unavailable)
MR       +....                  (boots unavailable)
Stlth    ++........             g - amulet of Cig Iliz {Spirit rElec Stlth+}
HPRegen  1.22/turn              f - +3 ring of dexterity
MPRegen  0.21/turn              j - ring of magical power

@: confused
A: large, unfitting armour, claws 3, hooves 1, fast metabolism 3, gourmand,
poison resistance, regeneration 1, robust 1, shaggy fur 1, electricity
resistance, tough skin 2, acidic bite, jelly absorbing missiles
a: Request Jelly, Slimify, Cure Bad Mutation, Renounce Religion


You were on level 4 of the Spider Nest.
You worshipped Jiyva.
Jiyva was exalted by your worship.
You were completely stuffed.

You visited 6 branches of the dungeon, and saw 29 of its levels.
You also visited: Sewer, Ossuary, Bailey and Ice Cave.

You collected 3332 gold pieces.
You spent 938 gold pieces at shops.

Inventory:

Missiles
 N - 2 throwing nets {=f}
 W - 12 large rocks (quivered) {=f}
Armour
 r - a scarf of cloud immunity
 A - the +1 cloak of Recklessness (worn) {Str+2}
   (You found it on level 8 of the Dungeon)

   It affects your strength (+2).
 C - a +0 troll leather armour (worn)
 K - +0 swamp dragon scales
 M - +0 fire dragon scales
 R - a +1 large shield of protection (worn)
 S - +0 ice dragon scales
Jewellery
 f - a +3 ring of dexterity (left claw)
 g - the amulet of Cig Iliz (around neck) {Spirit rElec Stlth+}
   (You took it off a kobold in a bailey)

   [amulet of guardian spirit]

   It causes incoming damage to be split between your health and magic.
   It insulates you from electricity.
   It makes you more stealthy.
 j - a ring of magical power (right claw)
 x - an uncursed ring of fire
 U - an uncursed ring of ice
 X - an uncursed amulet of regeneration
Wands
 u - a wand of random effects (83)
 y - a wand of iceblast (2)
 D - a wand of paralysis (21)
 F - a wand of flame (72)
 G - a wand of disintegration (4)
 T - a wand of enslavement (1)
Scrolls
 a - 10 scrolls of amnesia
 c - a scroll of blinking
 i - 4 scrolls of fog
 k - 6 scrolls of teleportation
 o - 9 scrolls of remove curse
 w - a scroll of magic mapping
 z - 6 scrolls of identify
Potions
 d - 4 potions of resistance
 e - 4 potions of berserk rage
 h - 4 potions of invisibility
 l - a potion of haste
 m - 6 potions of curing
 n - 3 potions of brilliance
 p - 7 potions of agility
 s - 5 potions of flight
 t - 2 potions of might
 L - a potion of ambrosia
Miscellaneous
 I - a fan of gales (inert)
 O - a lightning rod (1/4)
 Q - a lamp of fire (inert)
Comestibles
 b - 57 rations
 B - 2 chunks of flesh


   Skills:
 + Level 12.4 Fighting
 - Level 9.5 Armour
 - Level 8.1 Dodging
 - Level 1.0 Stealth
 + Level 11.5 Shields
 * Level 19.2 Unarmed Combat
   Level 1.2 Invocations
 + Level 5.7 Evocations


You had 16 spell levels left.
You didn't know any spells.
Your spell library contained the following spells:

 Spells                   Type           Power        Failure   Level  Hunger
 Corona                   Hex            #......      78%         1    ##.....
 Freeze                   Ice            #...         78%         1    ##.....
 Magic Dart               Conj           #...         78%         1    ##.....
 Sandblast                Erth           #.....       78%         1    ##.....
 Ensorcelled Hibernation  Hex/Ice        #.....       89%         2    ###....
 Passwall                 Tmut/Erth      #.......     89%         2    ###....
 Searing Ray              Conj           #.....       89%         2    ###....
 Throw Frost              Conj/Ice       #.....       89%         2    ###....
 Confuse                  Hex            #.......     98%         3    ####...
 Dazzling Spray           Conj/Hex       #.....       98%         3    ####...
 Ozocubu's Armour         Chrm/Ice       #.......     98%         3    ####...
 Stone Arrow              Conj/Erth      #.....       98%         3    ####...
 Tukima's Dance           Hex            #.......     98%         3    ####...
 Cause Fear               Hex            #.........   100%        4    #####..
 Force Lance              Conj/Tloc      #.......     100%        4    #####..
 Fulminant Prism          Conj/Hex       #.........   100%        4    #####..
 Ice Form                 Ice/Tmut       #.......     100%        4    #####..
 Iskenderun's Mystic Bla  Conj           #.......     100%        4    #####..
 Petrify                  Tmut/Erth      #.......     100%        4    #####..
 Summon Ice Beast         Ice/Summ       #.......     100%        4    #####..
 Throw Icicle             Conj/Ice       #.......     100%        4    #####..
 Irradiate                Conj/Tmut      #.........   100%        5    ######.
 Lee's Rapid Deconstruct  Erth           #.........   100%        5    ######.
 Metabolic Englaciation   Hex/Ice        #.........   100%        5    ######.
 Silence                  Hex/Air        #.........   100%        5    ######.
 Yara's Violent Unravell  Hex/Tmut       #.........   100%        5    ######.
 Bolt of Cold             Conj/Ice       #.........   100%        6    #######
 Deflect Missiles         Chrm/Air       #.........   100%        6    #######
 Freezing Cloud           Conj/Ice/Air   #.........   100%        6    #######
 Hydra Form               Tmut           #.........   100%        6    #######
 Ozocubu's Refrigeration  Ice            #.........   100%        6    #######
 Simulacrum               Ice/Necr       #.........   100%        6    #######
 Statue Form              Tmut/Erth      #........    100%        6    #######
 Dragon Form              Tmut           #.........   100%        7    #######
 Discord                  Hex            #.........   100%        8    #######


Dungeon Overview and Level Annotations

Branches:
Dungeon (15/15)            Temple (1/1) D:7            Lair (6/6) D:10
 Shoals (0/4) Lair:2       Spider (4/4) Lair:3        Slime (0/5) Lair:6
    Orc (2/2) D:9             Elf (1/3) Orc:2        Vaults (0/5) D:13
 Depths (0/5) D:15

Altars:
Ashenzari
Cheibriados
Dithmenos
Elyvilon
Fedhas
Gozag
Hepliaklqana
Kikubaaqudgha
Makhleb
Nemelex Xobeh
Okawaru
Qazlal
Ru
Sif Muna
Trog
Uskayaw
Vehumet
Wu Jian
Xom
Yredelemnul
Zin
The Shining One
Beogh
Jiyva

Shops:
D:4 *   D:9 [   D:11 (   Orc:2 [!((

Annotations:
D:4 1 runed door, George's ghost, amateur MiBe
D:11 4 runed doors
D:14 exclusions: obsidian statue and orange crystal statue
Lair:3 exclusion: oklob plant
Lair:6 exclusion: 4 oklob plants
Spider:1 1 runed door, Anypt's ghost, journeyman DsGl
Orc:1 1 runed door, Thaneod's ghost, journeyman DsBe


Innate Abilities, Weirdness & Mutations

You are too large for most types of armour.
You have claws for hands.
Your metabolism is lightning-fast.
You like to eat raw meat.
Your natural rate of healing is unusually fast.
You are covered in fur. (AC +1)
You have very tough skin. (AC +2)
You have large cloven feet.
Your system is resistant to poisons. (rPois)
You are robust. (+10% HP)
You are resistant to electric shocks. (rElec)
You have acidic saliva.
You have a small jelly attached to you that may absorb incoming projectiles.


Message History

You feel weakened. Something hits you but does no damage.
Something stings you but does no damage.
You feel you are being watched by something.
You feel your power leaking away. Something hits you but does no damage.
Something hits you!
* * * LOW HITPOINT WARNING * * *
Something stings you but does no damage.
You feel you are being watched by something.
You feel your power leaking away. Something hits you.
* * * LOW HITPOINT WARNING * * *
Something hits you but does no damage.
Something stings you but does no damage.
You feel you are being watched by something.
You feel your power leaking away. Something hits you!
* * * LOW HITPOINT WARNING * * *
Something hits you!
You die...

###...# ##....# #.≈...#
#≈≈..≈## # #....≈≈####
####..
##....≈≈≈≈########......
###........≈§§§§........
#.≈.^#^.≈....§§§§.......
.≈...####..####{@#######
...######### ####
..#####.###########
..#.##...#...##.^.##
..#.....^....#..#..##
.##.#.^##..#^.#.....##
.....^.......#.^.##..#
......#..#.##...#..###
#^#.#......#..##^.#^####


There were no monsters in sight!

Vanquished Creatures
  Rupert (D:12)
  Kirke (Lair:4)
  A ghost moth (Spider:1)
  A frost giant (D:15)
  5 emperor scorpions
  A deep elf annihilator (Elf:1)
  Azrael (D:12)
  3 entropy weavers
  An ettin (Orc:1)
  Snorg (Lair:4)
  4 ogre magi
  A fire dragon (Lair:6)
  5 hydras
  2 ice dragons
  4 centaur warriors
  7 death yaks
  3 catoblepae
  19 two-headed ogres
  A tengu warrior (D:14)
  A queen ant (Lair:3)
  Urug (Lair:2)
  A deep elf knight (Elf:1)
  A storm dragon zombie (Orc:1)
  A shadow wraith (D:13)
  Sonja (D:10)
  Nergalle (Lair:3)
  2 skeletal warriors
  A flayed ghost (D:15)
  A wizard (D:14)
  A storm dragon skeleton (D:13)
  2 orc knights
  5 unseen horrors
  2 lindwurms (Lair:6)
  2 deep elf archers (Elf:1)
  13 deep elf magi
  2 phantasmal warriors
  A harpy (shapeshifter) (D:13)
  A necromancer (IceCv)
  3 harpies (D:15)
  34 wolf spiders
  17 orb spiders
  13 ugly things
  6 manticores
  2 moths of wrath
  An oklob plant (Lair:6)
  5 cyclopes
  33 elephants
  An ice statue (IceCv)
  Psyche (D:11)
  6 black mambas
  2 gargoyles
  3 torpor snails
  13 spiny frogs
  A kobold demonologist (D:12)
  8 rime drakes
  7 komodo dragons
  10 freezing wraiths (IceCv)
  7 demonic crawlers
  A yaktaur (D:15)
  6 trolls
  A polar bear (shapeshifter) (D:15)
  A tengu conjurer (D:14)
  46 jumping spiders
  3 meliai (Lair:5)
  3 polar bears
  A queen bee (Lair:5)
  5 hornets
  A slime creature (D:11)
  8 dream sheep
  4 blink frogs
  12 hippogriffs
  A snapping turtle (Lair:2)
  A spriggan (D:10)
  26 tarantellas
  4 vampires
  3 shadows
  7 flying skulls
  2 water elementals (Elf:1)
  2 wyverns
  3 hogs
  4 wraiths
  Eustachio (D:5)
  3 humans
  4 basilisks
  74 redbacks
  3 fire elementals
  22 yaks
  A hungry ghost (D:9)
  2 steam dragons
  Menkaure (D:4)
  3 wargs
  2 soldier ants
  3 acid dragons
  4 water moccasins
  6 porcupines
  Duvessa (D:7)
  5 hell hounds (D:12)
  2 swamp drakes (Lair:6)
  A hornet zombie (D:14)
  An eye of draining (shapeshifter) (D:13)
  22 orc warriors
  2 necrophages
  4 phantoms
  7 ice beasts
  30 ogres
  17 wolves
  6 centaurs
  9 crocodiles
  Blork the orc (D:4)
  5 big kobolds
  13 bullfrogs
  2 gnoll sergeants
  Dowan (D:7)
  A wyvern zombie (D:14)
  A water moccasin zombie (Ossuary)
  4 scorpions
  A warg skeleton (Orc:1)
  A wyvern skeleton (D:11)
  2 swamp dragon simulacra (IceCv)
  34 killer bees
  11 wights
  3 electric eels
  3 howler monkeys
  11 crimson imps
  2 bullfrog zombies
  2 centaur zombies
  5 hounds
  A quasit (D:14)
  5 draconian simulacra (IceCv)
  14 orc priests
  3 bullfrog skeletons
  5 centaur skeletons
  6 jellies
  17 orc wizards
  6 iguanas
  30 worker ants
  6 troll simulacra (IceCv)
  A polar bear simulacrum (IceCv)
  2 spriggan simulacra (IceCv)
  A wolf simulacrum (IceCv)
  4 big kobold zombies (Ossuary)
  2 centaur simulacra (IceCv)
  A hound zombie (D:10)
  3 mummies
  A killer bee simulacrum (D:9)
  Robin (D:4)
  2 worker ant zombies
  13 gnolls
  2 naga simulacra (IceCv)
  3 ogre simulacra (IceCv)
  16 adders
  6 river rats (Sewer)
  3 shadow imps
  26 white imps
  3 oozes
  An adder skeleton (D:4)
  3 adder zombies
  4 worms
  2 dart slugs
  2 adder simulacra (D:9)
  7 leopard geckos
  59 orcs
  10 ball pythons
  5 bats
  9 giant cockroaches
  4 gnoll zombies (Ossuary)
  15 goblins
  11 hobgoblins
  10 jackals
  4 quokkas
  7 frilled lizards
  3 hobgoblin zombies (Ossuary)
  45 kobolds
  3 kobold zombies (Ossuary)
  6 orc zombies (Ossuary)
  A quokka skeleton (D:9)
  A quokka zombie (D:8)
  27 rats
1181 creatures vanquished.

Vanquished Creatures (collateral kills)
  2 killer bees (Lair:5)
2 creatures vanquished.

Vanquished Creatures (others)
  A two-headed ogre (D:12)
  An ogre mage (Orc:2)
  A swamp dragon (Lair:6)
  A cyclops (D:14)
  A centaur zombie (D:11)
  2 centaur skeletons
  2 jumping spiders
  4 slime creatures
  A flying skull (D:11)
  An air elemental (Elf:1)
  2 redbacks
  2 water moccasins
  2 necrophages
  3 ogres
  2 centaurs (D:15)
  A crocodile (D:12)
  A wight (D:11)
  A hound (D:11)
  84 jellies
  3 orc wizards
  2 bullfrog skeletons
  An iguana (D:11)
  A worker ant (D:11)
  A worker ant zombie (D:11)
  2 adders
  2 gnolls (Orc:2)
  2 shadow imps
  3 white imps
  3 orcs
  A gnoll skeleton (Bailey)
  A gnoll zombie (Bailey)
  A bush (Lair:5)
  11 fungi
  16 plants
163 creatures vanquished.

Grand Total: 1346 creatures vanquished

Notes
Turn   | Place    | Note
-------+----------+-------------------------------------------
     0 | D:1      | Garbasso the Troll Monk began the quest for the Orb.
     0 | D:1      | Reached XP level 1. HP: 22/22 MP: 0/0
   234 | D:1      | Reached XP level 2. HP: 28/29 MP: 1/1
   703 | D:2      | Reached XP level 3. HP: 34/36 MP: 2/2
  1142 | D:2      | Reached skill level 4 in Unarmed Combat
  1350 | D:3      | Reached XP level 4. HP: 44/44 MP: 3/3
  1538 | D:3      | Reached XP level 5. HP: 33/53 MP: 4/4
  1939 | D:4      | Noticed an ogre
  1944 | D:4      | Killed an ogre
  1944 | D:4      | Reached skill level 5 in Unarmed Combat
  2004 | D:4      | Reached XP level 6. HP: 47/61 MP: 5/5
  2040 | D:4      | Found Naess's General Store.
  2113 | D:4      | Found a runed door.
  2113 | D:4      | Noticed George's ghost (amateur MiBe)
  2194 | D:4      | Noticed Menkaure
  2213 | D:4      | Killed Menkaure
  2318 | D:4      | Noticed Robin
  2329 | D:4      | Killed Robin
  2542 | D:4      | Noticed Blork the orc
  2547 | D:4      | Killed Blork the orc
  2547 | D:4      | Reached skill level 6 in Unarmed Combat
  2547 | D:4      | Reached XP level 7. HP: 67/68 MP: 6/6
  2771 | D:5      | Entered Level 5 of the Dungeon
  3030 | D:5      | Noticed Eustachio
  3164 | D:5      | Reached skill level 7 in Unarmed Combat
  3257 | D:5      | Reached XP level 8. HP: 79/79 MP: 7/7
  3339 | D:5      | Killed Eustachio
  3466 | D:6      | Reached skill level 8 in Unarmed Combat
  3507 | D:6      | Found a sand-covered staircase.
  3507 | D:6      | Noticed a hippogriff
  3520 | D:6      | Killed a hippogriff
  3520 | D:6      | Reached skill level 5 in Fighting
  3520 | D:6      | Reached skill level 5 in Dodging
  3526 | Ossuary  | Entered an ossuary
  3816 | D:6      | Found a shimmering altar of Xom.
  3941 | D:6      | Found a glowing drain.
  3956 | Sewer    | Entered a sewer
  4000 | Sewer    | Reached skill level 9 in Unarmed Combat
  4000 | Sewer    | Reached XP level 9. HP: 83/88 MP: 8/8
  5057 | D:7      | Noticed Duvessa
  5059 | D:7      | Noticed Dowan
  5062 | D:7      | Killed Duvessa
  5071 | D:7      | Killed Dowan
  5402 | D:7      | Found a staircase to the Ecumenical Temple.
  5409 | Temple   | Entered the Ecumenical Temple
  5675 | D:7      | Reached skill level 10 in Unarmed Combat
  6029 | D:8      | Noticed a two-headed ogre
  6173 | D:8      | Got a crude cloak
  6184 | D:8      | Identified the +1 cloak of Recklessness {Str+2} (You found
                  | it on level 8 of the Dungeon)
  6309 | D:8      | Killed a two-headed ogre
  6309 | D:8      | Reached skill level 1 in Shields
  6309 | D:8      | Reached XP level 10. HP: 72/100 MP: 9/9
  6577 | D:8      | Found a blossoming altar of Fedhas.
  6761 | D:9      | Found a staircase to the Orcish Mines.
  6761 | D:9      | Found Caipt's Armour Emporium.
  7182 | D:9      | Reached skill level 11 in Unarmed Combat
  7565 | D:10     | Entered Level 10 of the Dungeon
  7611 | D:10     | Noticed Sonja
  7932 | D:10     | Found a staircase to the Lair.
  7978 | D:10     | Killed Sonja
  8372 | D:10     | Killed an unseen horror
  8543 | D:10     | Noticed a deep elf mage
  8555 | D:10     | Reached XP level 11. HP: 53/109 MP: 5/10
  8639 | Lair:1   | Entered Level 1 of the Lair of Beasts
  8715 | Lair:1   | Reached skill level 1 in Armour
  9042 | Lair:1   | Reached skill level 5 in Shields
  9727 | Lair:2   | Noticed a catoblepas
  9864 | Lair:1   | Killed a catoblepas
  9864 | Lair:1   | Reached skill level 12 in Unarmed Combat
 10027 | Lair:2   | Found a staircase to the Shoals.
 10310 | Lair:2   | Noticed Urug
 10322 | Lair:2   | Killed Urug
 10515 | D:9      | Bought +0 swamp dragon scales for 700 gold pieces
 11234 | Lair:3   | Found a hole to the Spider Nest.
 11537 | Lair:3   | Noticed a queen ant
 11551 | Lair:3   | Killed a queen ant
 11551 | Lair:3   | Reached XP level 12. HP: 119/119 MP: 11/11
 11837 | Lair:3   | Noticed Nergalle
 11851 | Lair:3   | Killed Nergalle
 12241 | Lair:4   | Noticed Kirke
 12363 | Lair:4   | Noticed a four-headed hydra
 12489 | Lair:4   | Reached skill level 13 in Unarmed Combat
 12896 | Lair:4   | Killed Kirke
 12907 | Lair:4   | Noticed Snorg
 12925 | Lair:4   | Killed Snorg
 13163 | Lair:4   | Killed a six-headed hydra
 13399 | Lair:4   | Reached XP level 13. HP: 69/128 MP: 12/12
 13700 | Lair:5   | Reached skill level 5 in Armour
 13913 | Lair:5   | Reached skill level 14 in Unarmed Combat
 14634 | Lair:6   | Entered Level 6 of the Lair of Beasts
 15421 | Lair:6   | Reached skill level 15 in Unarmed Combat
 15444 | Lair:6   | Reached XP level 14. HP: 106/141 MP: 13/13
 16051 | Lair:6   | Reached skill level 10 in Fighting
 17552 | Lair:6   | Found a staircase to the Slime Pits.
 17951 | Temple   | Became a worshipper of Yredelemnul the Dark
 17951 | Temple   | Reached * piety under Yredelemnul
 17951 | Temple   | Reached ** piety under Yredelemnul
 18002 | Orc:1    | Entered Level 1 of the Orcish Mines
 18092 | Orc:1    | Found a flagged portal.
 18104 | Bailey   | Entered a bailey
 18449 | Bailey   | Identified the amulet of Cig Iliz {Spirit rElec Stlth+}
 18567 | Orc:1    | Found a roughly hewn altar of Beogh.
 18665 | Orc:1    | Found a runed door.
 18669 | Orc:1    | Noticed Thaneod's ghost (journeyman DsBe)
 18717 | Orc:1    | Found a roughly hewn altar of Beogh.
 18829 | Orc:2    | Entered Level 2 of the Orcish Mines
 18936 | D:10     | Reached skill level 16 in Unarmed Combat
 19027 | D:10     | Reached skill level 1 in Invocations
 19072 | D:10     | Found a snail-covered altar of Cheibriados.
 19435 | D:11     | Found a viscous altar of Jiyva.
 19464 | D:11     | Fell from the grace of Yredelemnul
 19464 | D:11     | Became a worshipper of Jiyva Jeleodep the Shapeless
 19504 | D:11     | Identified a scroll of acquirement
 19612 | D:11     | Reached * piety under Jiyva
 19614 | D:11     | Found a frozen archway.
 19709 | IceCv    | Entered an ice cave
 19981 | IceCv    | Found an ancient bone altar of Kikubaaqudgha.
 20318 | D:11     | Reached ** piety under Jiyva
 20336 | D:11     | Found Vagec's Antique Weapon Shop.
 20341 | D:11     | Noticed Psyche
 20348 | D:11     | Killed Psyche
 20863 | D:11     | Found a runed door.
 20903 | D:11     | Found a runed door.
 20905 | D:11     | Found a runed door.
 20905 | D:11     | Found a runed door.
 21015 | D:12     | Noticed Rupert
 21119 | D:11     | Reached *** piety under Jiyva
 21203 | D:12     | Found an iron altar of Okawaru.
 21227 | D:12     | Gained mutation: You are covered in slimy tendrils that may
                  | disarm your opponents. [Jiyva's grace]
 21316 | D:12     | Noticed Azrael
 21346 | D:12     | Killed Azrael
 21346 | D:12     | Reached XP level 15. HP: 51/152 MP: 0/14
 21512 | D:12     | Reached **** piety under Jiyva
 21568 | D:12     | Gained mutation: You are partially covered in molten
                  | scales. (AC +2) [Jiyva's grace]
 21657 | D:12     | Killed Rupert
 21731 | D:12     | Reached ***** piety under Jiyva
 22096 | D:13     | Reached skill level 1 in Evocations
 22306 | D:13     | Lost mutation: You are covered in slimy tendrils that may
                  | disarm your opponents. [Jiyva's grace]
 22591 | D:13     | Found a gate to the Vaults.
 22601 | D:13     | Gained mutation: You have a pair of small horns on your
                  | head. [potion of mutation]
 22601 | D:13     | Gained mutation: You are somewhat resistant to further
                  | mutation. [potion of mutation]
 22602 | D:13     | Lost mutation: You have a pair of small horns on your head.
                  | [potion of mutation]
 22602 | D:13     | Lost mutation: You are somewhat resistant to further
                  | mutation. [potion of mutation]
 22602 | D:13     | Lost mutation: You are partially covered in molten scales.
                  | (AC +2) [potion of mutation]
 22602 | D:13     | Gained mutation: Your movements are slightly less
                  | encumbered by armour. (ER -2) [potion of mutation]
 22602 | D:13     | Gained mutation: You are resistant to electric shocks.
                  | (rElec) [potion of mutation]
 22602 | D:13     | Gained mutation: You are clumsy. (Dex -2) [potion of
                  | mutation]
 22602 | D:13     | Gained mutation: You evolve. [potion of mutation]
 22603 | D:13     | Lost mutation: You are clumsy. (Dex -2) [Jiyva's power]
 22612 | D:13     | Lost mutation: You evolve. [Jiyva's grace]
 22918 | D:14     | Found a bloodstained altar of Trog.
 22989 | D:14     | Gained mutation: Your body has grown golden eyes which may
                  | confuse attackers. (Acc +3) [Jiyva's grace]
 23196 | D:14     | Gained mutation: You are weak. (Str -2) [Jiyva's grace]
 23253 | D:14     | Found a shattered altar of Ashenzari.
 23257 | D:14     | Reached skill level 17 in Unarmed Combat
 23675 | D:15     | Entered Level 15 of the Dungeon
 23985 | D:15     | Gained mutation: You are frail. (-10% HP) [Jiyva's grace]
 23999 | D:15     | Reached ****** piety under Jiyva
 24056 | D:15     | Lost mutation: You are frail. (-10% HP) [Jiyva's power]
 24069 | D:15     | Lost mutation: Your movements are slightly less encumbered
                  | by armour. (ER -2) [Jiyva's grace]
 24123 | D:15     | Lost mutation: Your body has grown golden eyes which may
                  | confuse attackers. (Acc +3) [Jiyva's grace]
 24139 | D:15     | Lost mutation: You are weak. (Str -2) [Jiyva's power]
 24160 | D:15     | Reached skill level 10 in Shields
 24333 | D:15     | Found a staircase to the Depths.
 24722 | D:15     | Gained mutation: Your spells are a little easier to cast,
                  | but a little less powerful. [Jiyva's grace]
 24896 | D:15     | Noticed a frost giant
 24907 | D:15     | Killed a frost giant
 25121 | Orc:1    | Was forgiven by Yredelemnul
 25376 | Orc:1    | Gained mutation: You have acidic saliva. [Jiyva's grace]
 25393 | Orc:1    | Reached XP level 16. HP: 69/162 MP: 12/17
 25499 | Orc:2    | Gained mutation: You are agile. (Dex +2) [Jiyva's grace]
 25543 | Orc:2    | Found Poijaguj's Antique Weapon Shoppe.
 25543 | Orc:2    | Found Yhexuruo's Antique Weapon Boutique.
 25544 | Orc:2    | Found Rott's Armour Shop.
 25544 | Orc:2    | Found Viututh's Distillery.
 25558 | Orc:2    | Bought a potion of curing for 51 gold pieces
 25558 | Orc:2    | Bought a potion of curing for 51 gold pieces
 25558 | Orc:2    | Bought a potion of curing for 51 gold pieces
 25558 | Orc:2    | Bought a potion of heal wounds for 85 gold pieces
 25620 | Orc:2    | Gained mutation: You are robust. (+10% HP) [Jiyva's grace]
 25654 | Orc:2    | Found a staircase to the Elven Halls.
 25815 | Orc:2    | Gained mutation: You have a small jelly attached to you
                  | that may absorb incoming projectiles. [Jiyva's grace]
 25934 | Orc:2    | Gained mutation: You have large cloven feet. [Jiyva's
                  | grace]
 25952 | Elf:1    | Entered Level 1 of the Elven Halls
 26069 | Elf:1    | Gained mutation: You tend to lose your temper in combat. [a
                  | neqoxec]
 26294 | Orc:1    | Lost mutation: You tend to lose your temper in combat.
                  | [Jiyva's power]
 26423 | Spider:1 | Entered Level 1 of the Spider Nest
 26437 | Spider:1 | Found a runed door.
 26439 | Spider:1 | Noticed Anypt's ghost (journeyman DsGl)
 26611 | Spider:1 | Lost mutation: Your spells are a little easier to cast, but
                  | a little less powerful. [Jiyva's grace]
 26747 | Spider:1 | Reached skill level 18 in Unarmed Combat
 26844 | Spider:1 | Got a transparent robe
 26855 | Spider:1 | Identified the +4 robe of Asusoxy {+Fly rElec rF+ rCorr}
                  | (You found it on level 1 of the Spider Nest)
 26927 | Spider:1 | Gained mutation: Your system is resistant to poisons.
                  | (rPois) [Jiyva's grace]
 28772 | Spider:3 | Reached XP level 17. HP: 173/189 MP: 19/19
 28804 | Spider:3 | Upgraded the game from 0.23-a0-386-g9c9d49f to
                  | 0.23-a0-389-g4a5eb33
 29134 | Spider:3 | Reached skill level 5 in Evocations
 29566 | Spider:4 | Entered Level 4 of the Spider Nest
 29767 | Spider:4 | Reached skill level 19 in Unarmed Combat
 29989 | Elf:1    | Lost mutation: You are agile. (Dex +2) [Jiyva's grace]
 30861 | Spider:4 | HP: 6/192 [something (14)]
 30863 | Spider:4 | Mangled by a ghost moth

Vault maps used:
D:1:      shiori_arrival_maze, minmay_pentomino_u4
D:2:      first_ration
D:4:      hellmonk_ghost_happy_afterlife, serial_shops, shop_coins, uniq_robin,
          uniq_blork_the_orc, uniq_menkaure
D:5:      uniq_eustachio
D:6:      basic_altar, gup_sewer_entry_pipe, enter_ossuary_1
D:7:      minmay_temple_entry_overgrown, kennysheep_generic_room_7, uniq_duvessa
D:8:      fedhas_ov_isle_minmay
D:9:      orc_david_3, serial_ice, serial_ice_a, serial_ice_l, serial_ice_g,
          serial_ice_f, serial_ice_e, serial_ice_m
D:10:     lair_entry_dummy, basic_altar, hangedman_stone_soup, uniq_sonja
D:11:     minmay_the_grid_triangle_9x9_rhombus_full, serial_shops, shop,
          serial_undead, serial_undead_e, serial_undead_b, serial_undead_d,
          serial_undead_e, portal_ice_cave_entry_imps, jiyva_altar_1,
          uniq_psyche
D:12:     okawaru_humans, uniq_azrael, uniq_rupert
D:13:     david_vaults_4
D:14:     basic_altar, lemuel_crystal_altar, minmay_more_statues
D:15:     grunt_enter_depths_snipers, serial_bayou_shore_b, minivault_1,
          lightli_fourway_metalbox
Temple:   roderic_octagonal_lattice_temple
Lair:2:   minmay_shoals_entry_hut, st_stairs_5, minmay_another_anthill,
          grunt_megastairs_2, lemuel_fruit_tree, uniq_urug
Lair:3:   spider_nest_entry_webs, minmay_lair_oklob_items, uniq_nergalle
Lair:4:   minmay_lair_drake_nest, serial_bayou_shore_a, uniq_snorg, uniq_kirke
Lair:5:   bobbens_ice_dragon_lair
Lair:6:   guppyfry_lair_end_dragon, hangedman_lair_in_review,
          minmay_slime_entry_oklob_enclosed, grunt_forest_small_clearings,
          fungi_pond_lemuel
Spider:1: nicolae_spider_mines_1, ebering_ghost_reflecting_pool
Spider:3: spider_trap, nicolae_spider_nook
Spider:4: grunt_spider_rune_circles
Orc:1:    enter_bailey_2, ebering_ghost_inner_flame, basic_altar, mines1_david
Orc:2:    st_orc_ogre_mass, serial_shops, bzr_entry_customers
Elf:1:    eino_elf_arrival_the_gate, serial_shops, nicolae_shop_crystal,
          minmay_elf_crystal_heptagon, spider_trap, uniq_roxanne
Sewer:    sewer_minmay_treatment
Ossuary:  ossuary_tomb_2
Bailey:   bailey_axe_1, bailey
IceCv:    ice_cave_small_necro

Skill      XL: |  1  2  3  4  5  6  7  8  9 10 11 12 13 14 15 16 17 |
---------------+----------------------------------------------------+-----
Unarmed Combat | 4 5 6 7 9 10 11 12 13 15 16 17 18 19 | 19.2
Dodging        | 3 4 5 6 7 8 |  8.1
Fighting       | 3 4 5 6 7 8 9 10 11 12 | 12.4
Shields        | 1 4 6 8 9 10 11 | 11.5
Armour         | 3 4 6 7 8 9 |  9.5
Invocations    | 1 |  1.2
Evocations     | 3 4 5 |  5.7
Stealth        | |  1.0

Action                   |  1- 3 |  4- 6 |  7- 9 | 10-12 | 13-15 | 16-18 || total
-------------------------+-------+-------+-------+-------+-------+-------++-------
Melee: Unarmed           |    91 |   104 |   459 |   672 |  1729 |   967 ||  4022
       Punch             |     1 |     1 |    18 |       |       |       ||    20
       Kick              |       |       |       |       |       |   357 ||   357
       Bite              |       |       |       |       |       |   154 ||   154
Throw: Stone             |    58 |    50 |    24 |    16 |   139 |       ||   287
       Javelin           |       |       |       |     9 |    15 |       ||    24
       Tomahawk          |       |       |       |       |     6 |       ||     6
       Large rock        |       |       |       |       |     2 |    44 ||    46
Invok: Request Jelly     |       |       |       |       |    19 |     4 ||    23
       Animate Remains   |       |       |       |       |     4 |       ||     4
       Cure Bad Mutation |       |       |       |       |     3 |     2 ||     5
Evoke: Wand              |       |       |     6 |    25 |    57 |     4 ||    92
       Lamp of fire      |       |       |       |     1 |     4 |     3 ||     8
       Lightning rod     |       |       |       |       |    12 |    12 ||    24
       Fan of gales      |       |       |       |       |     1 |     2 ||     3
  Use: Scroll            |       |     7 |     7 |    13 |    14 |     6 ||    47
       Potion            |       |       |       |     4 |    15 |    15 ||    34
 Stab: Sleeping          |     5 |     2 |     7 |     3 |     7 |     2 ||    26
       Distracted        |       |       |     1 |       |     2 |     4 ||     7
       Petrified         |       |       |       |     3 |       |       ||     3
       Petrifying        |       |       |       |     1 |       |       ||     1
       Confused          |       |       |       |     4 |     8 |       ||    12
       Paralysed         |       |       |       |       |     7 |       ||     7
  Eat: Chunk             |    18 |    11 |    34 |    68 |    97 |    35 ||   263
Armor: Robe              |    30 |    21 |       |       |       |       ||    51
       Animal skin       |       |     1 |   135 |    56 |       |       ||   192
       Troll leather arm |       |       |       |    35 |   240 |   336 ||   611
       Swamp dragon scal |       |       |       |    77 |   160 |    60 ||   297
       Ice dragon scales |       |       |       |       |    41 |       ||    41
       Skin              |       |       |       |       |     8 |       ||     8
Dodge: Dodged            |    48 |    61 |   305 |   306 |   698 |   512 ||  1930
Block: Shield            |       |       |    13 |   431 |   481 |       ||   925
       Large shield      |       |       |       |       |  1026 |  1078 ||  2104

Table legend:
 A = Non-vault XP
 B = Vault XP
 C = Vault XP percentage of total XP
 D = Non-vault monster count
 E = Vault monster count
 F = Vault count percentage of total count
                 A         B        C        D         E       F
            +---------+---------+-------+---------+---------+-------
      Total |  163980 |   92656 |  36.1 |     727 |     443 |  37.9
            +---------+---------+-------+---------+---------+-------
        D:1 |      29 |       6 |  17.1 |      16 |       5 |  23.8
        D:2 |      48 |       0 |   0.0 |      18 |       0 |   0.0
        D:3 |     162 |       0 |   0.0 |      33 |       0 |   0.0
        D:4 |     292 |     295 |  50.3 |      12 |       9 |  42.9
        D:5 |     775 |     197 |  20.3 |      23 |       1 |   4.2
        D:6 |     955 |      18 |   1.8 |      20 |       7 |  25.9
        D:7 |     749 |     353 |  32.0 |      13 |       4 |  23.5
        D:8 |    2034 |       0 |   0.0 |      27 |       0 |   0.0
        D:9 |     613 |     712 |  53.7 |       7 |      13 |  65.0
       D:10 |    2905 |    1811 |  38.4 |      30 |       5 |  14.3
       D:11 |    5196 |    2431 |  31.9 |      32 |      27 |  45.8
       D:12 |    4029 |    3401 |  45.8 |      20 |      11 |  35.5
       D:13 |    7866 |    2968 |  27.4 |      46 |       4 |   8.0
       D:14 |    9290 |       0 |   0.0 |      28 |       0 |   0.0
       D:15 |   14442 |    4291 |  22.9 |      36 |       6 |  14.3
     Lair:1 |    2061 |     896 |  30.3 |       9 |       1 |  10.0
     Lair:2 |    3617 |    2571 |  41.5 |      17 |      19 |  52.8
     Lair:3 |    3159 |    2653 |  45.6 |      10 |       7 |  41.2
     Lair:4 |    5749 |    4352 |  43.1 |      23 |       7 |  23.3
     Lair:5 |   17904 |    3151 |  15.0 |      41 |      29 |  41.4
     Lair:6 |   11473 |   14088 |  55.1 |      34 |      37 |  52.1
   Spider:1 |   18323 |    3628 |  16.5 |      53 |      10 |  15.9
   Spider:2 |   16891 |       0 |   0.0 |      53 |       0 |   0.0
   Spider:3 |   14775 |    3231 |  17.9 |      39 |       8 |  17.0
   Spider:4 |   10958 |   14472 |  56.9 |      24 |      32 |  57.1
      Orc:1 |    2554 |    4695 |  64.8 |      26 |       9 |  25.7
      Orc:2 |    2012 |    9064 |  81.8 |      28 |      25 |  47.2
      Elf:1 |    5119 |    5261 |  50.7 |       9 |       9 |  50.0
      Sewer |       0 |     443 | 100.0 |       0 |      48 | 100.0
    Ossuary |       0 |     248 | 100.0 |       0 |      25 | 100.0
     Bailey |       0 |    1282 | 100.0 |       0 |      32 | 100.0
      IceCv |       0 |    6138 | 100.0 |       0 |      53 | 100.0
            +---------+---------+-------+---------+---------+-------
